 Dungeon Crawl Stone Soup version 0.29.1-12-g30fa7ad0bf (webtiles) character file.

Game seed: 15063547772486570457

922 Peloso the Slasher (level 7, 0/91 HPs)
             Began as a Minotaur Fighter on Dec 13, 2022.
             Was an Initiate of Okawaru.
             Succumbed to a gnoll's poison
             ... on level 4 of the Dungeon.
             The game lasted 00:09:02 (4832 turns).

Peloso the Slasher (Minotaur Fighter)               Turns: 4832, Time: 00:09:03

Health: 0/91       AC: 12    Str: 21    XL:     7   Next: 84%
Magic:  5/6        EV:  8    Int:  5    God:    Okawaru [......]
Gold:   241        SH:  0    Dex: 11    Spells: 6/6 levels left

rFire   . . .      SeeInvis .   a - +0 long sword
rCold   . . .      Faith    .   (no shield)
rNeg    . . .      Spirit   .   c - +0 chain mail
rPois   .          Reflect  .   (helmet restricted)
rElec   .          Harm     .   l - +1 cloak
rCorr   .          Rampage  .   (no gloves)
Will    .....                   (no boots)
Stlth   ..........              (no amulet)
HPRegen 0.25/turn               (no ring)
MPRegen 0.10/turn               (no ring)

@: berserking, lethally poisoned (0 -> -6), attractive, invisible, very quick
A: horns 2, retaliatory headbutt
a: Renounce Religion


You were on level 4 of the Dungeon.
You worshipped Okawaru.
Okawaru was noncommittal.
You visited 2 branches of the dungeon, and saw 6 of its levels.

You collected 241 gold pieces.

Inventory:

Hand Weapons
 a - a +0 long sword (weapon)
 b - the +8 frozen axe "Frostbite" {freezing cloud, *Noise Fly rC+}
   (You found it on level 4 of the Dungeon)

   It freezes those it strikes, dealing additional cold damage.
   It can also slow down cold-blooded creatures.
   It occasionally leaves clouds of freezing vapour upon striking a foe.
   It grants immunity to clouds of freezing vapour.
   rC:        It protects you from cold.
   Fly:       It grants you flight.
   *Noise:    It may make noises in combat.
Armour
 c - a +0 chain mail (worn)
 d - a +0 buckler
 l - a +1 cloak (worn)
Jewellery
 j - a ring of ice
 p - an amulet of guardian spirit
 q - a +4 ring of evasion
Scrolls
 o - a scroll of vulnerability {unknown}
 r - a scroll of silence {unknown}
 u - a scroll of magic mapping {unknown}
 v - a scroll of enchant weapon {unknown}
 w - 2 scrolls of teleportation {unknown}
Potions
 e - 2 potions of curing {unknown}
 f - a potion of mutation {unknown}
 g - a potion of resistance
 h - 2 potions of might
 i - 2 potions of flight {unknown}
 k - a potion of attraction
 m - a potion of berserk rage
 n - 2 potions of invisibility
 s - a potion of heal wounds {unknown}
 t - a potion of cancellation {unknown}
 x - a potion of ambrosia


   Skills:
 + Level 5.6 Fighting
 + Level 7.1 Long Blades
 + Level 6.6 Armour
 + Level 2.3 Dodging
 + Level 0.3 Stealth
 + Level 4.8 Shields


You had 6 spell levels left.
You didn't know any spells.
Your spell library contained the following spells:

 Spells                   Type           Power      Damage    Failure   Level
 Fulminant Prism          Conj/Hex       0%         3d6       100%        4
 Iskenderun's Mystic Bla  Conj/Tloc      0%         2d3       100%        4
 Lee's Rapid Deconstruct  Erth           0%         3d5*      100%        5


Dungeon Overview and Level Annotations

Branches:
Dungeon (5/15)             Temple (1/1) D:4

Altars:
Ashenzari
Elyvilon
Fedhas
Makhleb
Nemelex Xobeh
Okawaru
Qazlal
Trog
Xom
Yredelemnul

Shops:
D:3 (


Innate Abilities, Weirdness & Mutations

You have a pair of horns on your head.
You reflexively headbutt those who attack you in melee.


Message History

The gnoll hits you but does no damage.
Things that are here:
a +0 halberd; a gnoll corpse The gnoll attacks as you move away!
The gnoll hits you with a +2 spear of venom.
You are more poisoned.
You feel very sick. The gnoll hits you but does no damage.
You are more poisoned.
The gnoll hits you but does no damage. The gnoll attacks as you move away!
The gnoll hits you with a +0 antimagic spear.
You feel your power leaking away.
* * * LOW HITPOINT WARNING * * *
You feel very sick.
There is a stone staircase leading up here.
* * * LOW HITPOINT WARNING * * *
You feel very sick.
The gnoll hits you from afar with a +2 spear of venom.
* * * LOW HITPOINT WARNING * * *
You are more poisoned.
You climb upwards.
* * * LOW HITPOINT WARNING * * *
You feel very sick.
There is a stone staircase leading down, spattered with blood here.
It was a potion of invisibility.
You fade into invisibility!
* * * LOW HITPOINT WARNING * * *
You feel very sick.
It was a potion of attraction.
You feel attractive to monsters.
* * * LOW HITPOINT WARNING * * *
You feel very sick.
It was a potion of berserk rage.
A red film seems to cover your vision as you go berserk!
You feel yourself moving faster!
You feel mighty!
* * * LOW HITPOINT WARNING * * *
You feel sick.
You are too berserk!
You feel a strong urge to attack something.
You die...

.# #.........##### .#
########......# .# ########
#.....##(### .# ##......#
#.##..##...# ## #8>8.##.#
#..#..####.#
####.##.##########.#...#.#.#
#.##................#...#
#.##############.#......#
#.........@>[....#......#
#####.#########..#>.....#
########.......#...........###
#...........##รท...######.#....
#...........[))#......##.##.#<
#...........##.#.####.##....#.
#...........##.#......#######.
#.......)...##.#..##..# ####.
#...........##.#......# #....


There were no monsters in sight!

Vanquished Creatures
  Sigmund (D:2)
  An ogre (D:5)
  A necrophage (D:4)
  A gnoll sergeant (D:4)
  2 scorpions (D:4)
  A howler monkey (D:3)
  2 hounds
  3 orc priests
  A jelly (D:3)
  Terence (D:2)
  An orc wizard (D:4)
  6 gnolls
  2 adders
  2 worms (D:2)
  6 orcs
  7 endoplasms
  3 giant cockroaches
  5 goblins
  10 hobgoblins
  7 jackals
  7 kobolds
  2 quokkas
  8 ball pythons
  7 bats
  2 frilled lizards (D:1)
  3 rats
92 creatures vanquished.

Notes
Turn   | Place    | Note
-------+----------+-------------------------------------------
     0 | D:1      | Peloso the Minotaur Fighter began the quest for the Orb.
     0 | D:1      | Reached XP level 1. HP: 19/19 MP: 0/0
   201 | D:1      | Reached XP level 2. HP: 27/27 MP: 1/1
   270 | D:1      | Reached XP level 3. HP: 30/33 MP: 2/2
   655 | D:2      | Noticed Sigmund
   754 | D:3      | Reached skill level 3 in Long Blades
   754 | D:3      | Reached XP level 4. HP: 26/40 MP: 3/3
   932 | D:3      | Reached skill level 1 in Dodging
  1102 | D:3      | Reached XP level 5. HP: 46/47 MP: 4/4
  1275 | D:3      | Reached skill level 4 in Long Blades
  1394 | D:3      | Found Ipeipten's Weapon Emporium.
  1940 | D:3      | You fall into a shaft and drop 1 floor!
  2221 | D:3      | Found a faded altar of an unknown god.
  2653 | D:2      | Noticed Terence
  2662 | D:2      | Killed Terence
  2688 | D:2      | Killed Sigmund
  2689 | D:2      | Reached skill level 5 in Fighting
  2689 | D:2      | Reached skill level 5 in Long Blades
  2689 | D:2      | Reached skill level 5 in Armour
  2689 | D:2      | Reached XP level 6. HP: 46/56 MP: 5/5
  3117 | D:4      | Found the +8 frozen axe "Frostbite" {freezing cloud, *Noise
                  | Fly rC+}
  3278 | D:4      | Reached XP level 7. HP: 59/61 MP: 6/6
  3417 | D:4      | Reached skill level 6 in Long Blades
  3571 | D:4      | Found a sparkling altar of Nemelex Xobeh.
  3899 | D:4      | Found a staircase to the Ecumenical Temple.
  3904 | Temple   | Entered the Ecumenical Temple
  3940 | Temple   | Became a worshipper of Warmaster Okawaru
  4124 | D:5      | Entered Level 5 of the Dungeon
  4552 | D:5      | Reached skill level 7 in Long Blades
  4830 | D:4      | HP: 1/61 [poisoned by a gnoll]
  4832 | D:4      | Succumbed to a gnoll's poison

Illustrated notes

Levels and vault maps discovered:
D:1:      dpeg_arrival_more_subterranean_lakeside_camping, layout_rooms
D:2:      layout_loops_ring, uniq_terence, uniq_sigmund
D:3:      layout_loops_corners, shapermc_ecumenical_altar_pompeii, serial_shops,
          nicolae_shop_crystal
D:4:      layout_basic, nemelex_xobeh_ov_fountains_minmay, temple_statues
D:5:      layout_basic, mainiacjoe_overflow_24_doors, nzn_wu_jian_council_hall,
          uniq_grinder, uniq_pikel
Temple:   nicolae_temple_godzebo

Skill      XL: |  1  2  3  4  5  6  7 |
---------------+----------------------+-----
Fighting       | 4 5 |  5.6
Armour         | 4 5 6 |  6.6
Shields        | 4 |  4.8
Long Blades    | 3 5 7 |  7.1
Dodging        | 1 2 |  2.3
Stealth        | |  0.3

Action                   |  1- 3 |  4- 6 |  7- 9 || total
-------------------------+-------+-------+-------++-------
Melee: Long sword        |    60 |   109 |    77 ||   246
       Headbutt          |     9 |    15 |    12 ||    36
  Use: Scroll            |     3 |       |       ||     3
       Potion            |     1 |       |     3 ||     4
Armor: Scale mail        |    39 |     2 |       ||    41
       Chain mail        |       |    46 |    61 ||   107
Dodge: Dodged            |    47 |    38 |    57 ||   142
Block: Buckler           |    26 |    21 |       ||    47
